 Dungeon Crawl Stone Soup version 0.17-a0-125-g34d91a1 (webtiles) character file.

155 Grim the Cudgeler (level 5, -6/57 HPs)
             Began as an Ogre Chaos Knight on Mar 23, 2015.
             Mangled by Ngotmuk's ghost (14 damage)
             ... on level 3 of the Dungeon.
             The game lasted 00:05:58 (2602 turns).

Grim the Cudgeler (Ogre Chaos Knight)               Turns: 2602, Time: 00:05:58

Health: -6/57      AC:  5    Str: 17    XL:     5   Next: 37%
Magic:  5/5        EV: 10    Int: 11    God:    Xom [...*..]
Gold:   91         SH:  0    Dex: 10    Spells: 0 memorised, 4 levels left

rFire  . . .     SeeInvis .     a - +0 mace (chaos)
rCold  . . .     Clarity  .     b - +2 robe
rNeg   . . .     SustAb   .     (shield restricted)
rPois  .         Gourm    .     (helmet restricted)
rElec  .         Spirit   .     (no cloak)
rCorr  .         Warding  .     (gloves unavailable)
rMut   .         Stasis   .     (boots unavailable)
MR     .....                    l - amulet of rage
Stlth  +.........               (no ring)
                                (no ring)

@: not resistant to hostile enchantments, very unstealthy
A: unfitting armour, tough skin 1
a: Renounce Religion, Evoke Berserk Rage


You were on level 3 of the Dungeon.
You worshipped Xom.
You were a favourite toy of Xom.
You were not hungry.

You visited 1 branch of the dungeon, and saw 3 of its levels.

You collected 91 gold pieces.

Inventory:

Hand weapons
 a - a +0 mace of chaos (weapon)
Armour
 b - a +2 robe (worn)
Jewellery
 l - an amulet of rage (around neck)
Scrolls
 e - 3 scrolls of enchant weapon {unknown}
 f - 2 scrolls of remove curse {unknown}
 g - 2 scrolls of immolation {unknown}
 i - 3 scrolls of identify {unknown}
 n - a scroll of enchant armour {unknown}
 p - a scroll of recharging {unknown}
 r - a scroll of fog {unknown}
 s - 2 scrolls of teleportation {unknown}
Potions
 d - a potion of curing {unknown}
 h - a potion of flight {unknown}
 j - a potion of lignification {unknown}
 k - 2 potions of restore abilities {unknown}
 m - a potion of haste {unknown}
 o - a potion of heal wounds {unknown}
Comestibles
 c - 2 meat rations
 q - a fruit


   Skills:
 + Level 5.2 Fighting
 * Level 6.9 Maces & Flails
 - Level 0.7 Armour
 - Level 1.7 Dodging


You had 4 spell levels left.
You didn't know any spells.

Dungeon Overview and Level Annotations

Branches:
Dungeon (3/15)

Altars:
Ashenzari
Xom

Annotations:
D:3 Ngotmuk's ghost, average DDFi


Innate Abilities, Weirdness & Mutations

You are too large for most types of armour.
You have tough skin (AC +1).


Message History

You hit Ngotmuk's ghost.
Ngotmuk's ghost seems to speed up.
Ngotmuk's ghost is heavily damaged.
Ngotmuk's ghost barely misses you.
You hit Ngotmuk's ghost.
Ngotmuk's ghost is heavily damaged.
Ngotmuk's ghost barely misses you. Ngotmuk's ghost hits you!
* * * LOW HITPOINT WARNING * * *
You hit Ngotmuk's ghost but do no damage.
Ngotmuk's ghost is heavily damaged.
Ngotmuk's ghost completely misses you.
You are too injured to fight recklessly!
You barely miss Ngotmuk's ghost.
Ngotmuk's ghost is heavily damaged.
Ngotmuk's ghost closely misses you.
Ngotmuk's ghost hits you but does no damage.
You sock Ngotmuk's ghost!
Ngotmuk's ghost is severely damaged.
Ngotmuk's ghost hits you!
You die...
Xom howls with laughter!

.#⌠.##+##.⌠#.....#
.####...#.##†....#
....#........#.##
....#...#.......#
.##.#.##..#...#.##
###.......#...#..#
#..[###.....##.#
#...........[..#
#...#####...##@#
#...# #...##W#
#####
######§........
#§.......
#...#.... ..#.#
### ###.# .. ...


You could see Ngotmuk's ghost.

Vanquished Creatures
  An orc wizard (D:3)
  A gnoll (D:3)
  4 adders (D:2)
  A giant mite (D:1)
  3 worms (D:2)
  A giant gecko (D:1)
  2 oozes (D:1)
  4 orcs (D:3)
  3 bats
  2 giant cockroaches
  4 goblins
  6 hobgoblins
  4 jackals (D:1)
  2 quokkas (D:2)
  5 giant newts
  5 kobolds
  6 rats
54 creatures vanquished.

Notes
Turn   | Place    | Note
--------------------------------------------------------------
     0 | D:1      | Grim, the Ogre Chaos Knight, began the quest for the Orb.
     0 | D:1      | Reached XP level 1. HP: 24/24 MP: 1/1
    40 | D:1      | XOM: harmless Chrm miscast
    62 | D:1      | XOM: potion effect (might)
    78 | D:1      | Reached XP level 2. HP: 17/32 MP: 2/2
   123 | D:1      | XOM: harmless Chrm miscast
   290 | D:1      | XOM: potion effect (berserk rage)
   318 | D:1      | XOM: silly message
   388 | D:1      | Reached skill level 5 in Maces & Flails
   388 | D:1      | Reached XP level 3. HP: 38/40 MP: 3/3
   853 | D:1      | XOM: silly message
  1426 | D:2      | Reached XP level 4. HP: 49/49 MP: 4/4
  1592 | D:2      | Reached skill level 6 in Maces & Flails
  2052 | D:2      | XOM: scenery: create altars
  2131 | D:2      | Reached skill level 5 in Fighting
  2181 | D:2      | XOM: divination: detect creatures
  2237 | D:3      | Reached XP level 5. HP: 30/57 MP: 5/5
  2267 | D:3      | Found a shattered altar of Ashenzari.
  2500 | D:3      | XOM: mild Pois miscast
  2588 | D:3      | Noticed Ngotmuk's ghost (average DDFi)
  2590 | D:3      | XOM: smoke on damage
  2602 | D:3      | Mangled by Ngotmuk's ghost

Action                   |  1- 3 |  4- 6 || total
-------------------------+-------+-------++-------
Melee: Mace              |    85 |    93 ||   178
 Stab: Paralysed         |     1 |       ||     1
  Eat: Chunk             |     2 |     4 ||     6
